 Dungeon Crawl Stone Soup version 0.26.1-11-gd32895ea62 (webtiles) character file.

Game seed: 10285953490816359802

57 Zeld the Twirler (level 4, 0/29 HPs)
             Began as an Octopode Gladiator on May 23, 2021.
             Killed by nerve-wracking pain
             ... invoked by an orc priest
              (12 damage)
             ... on level 4 of the Dungeon.
             The game lasted 00:01:29 (1095 turns).

Zeld the Twirler (Octopode Gladiator)               Turns: 1095, Time: 00:01:30

Health: 0/29       AC:  1    Str: 14    XL:     4   Next: 0%
Magic:  4/4        EV: 14    Int: 10    God:
Gold:   11         SH:  0    Dex: 13    Spells: 3/3 levels left

rFire    . . .     SeeInvis .   a - +0 quarterstaff
rCold    . . .     Faith    .   (shield currently unavailable)
rNeg     . . .     Spirit   .   b - +0 hat
rPois    .         Reflect  .   (no amulet)
rElec    .         Harm     .   (no ring)
rCorr    .         Rampage  .   (no ring)
Will     .....                  (no ring)
Stlth    ++........             (no ring)
HPRegen  0.09/turn              (no ring)
MPRegen  0.09/turn              (no ring)
                                (no ring)
                                (no ring)

@: no status effects
A: almost no armour, stealthy swim, amphibious, 8 rings, constrict 8, camouflage
1, gelatinous body 1
a: no special abilities


You were on level 4 of the Dungeon.
You visited 1 branch of the dungeon, and saw 4 of its levels.

You collected 11 gold pieces.

Inventory:

Hand Weapons
 a - a +0 quarterstaff (weapon)
Missiles
 c - 3 throwing nets (quivered)
Armour
 b - a +0 hat (worn)
Scrolls
 e - a scroll of identify {unknown}
 f - a scroll of enchant armour {unknown}
 h - a scroll of remove curse {unknown}
Potions
 d - 2 potions of curing {unknown}
 g - a potion of attraction {unknown}


   Skills:
 - Level 2.0 Fighting
 * Level 4.7 Staves
 - Level 2.0 Throwing
 - Level 3.0 Dodging


You had 3 spell levels left.
You didn't know any spells.
Your spell library was empty.

Dungeon Overview and Level Annotations

Branches:
Dungeon (4/15)
 Temple: D:4-7

Altars:
Fedhas


Innate Abilities, Weirdness & Mutations

You cannot wear most types of armour.
You are very stealthy in the water. (Stealth+)
You are amphibious.
You can wear up to eight rings at the same time.
You can use your tentacles to constrict eight enemies at once.
Your skin changes colour to match your surroundings (Stealth+).
Your rubbery body absorbs attacks. (AC +1, EV +1)


Message History

3 orcs, 2 orc priests and a skeleton come into view.
An orc priest is wielding a +2 falchion of holy wrath.
An orc priest is wielding a +0 club and wearing a +1 ring mail of fire resistance.
There is a stone staircase leading up here.
The orc shouts!
The orc priest shouts!
The orc shouts!
The orc priest shouts!
You barely miss the orc. Your grab misses the orc. You squeeze the orc.
The orc is severely wounded.
The orc barely misses you.
You hit the orc.
You kill the orc!
The orc priest shouts!
The orc priest looks encouraged for a moment.
The orc priest calls down the wrath of Beogh upon you.
Beogh smites you!
Ouch! That really hurt!
You sock the orc!
You kill the orc!
You have reached level 4!
The orc priest invokes the aid of Beogh against you.
Pain shoots through your body!
You die...

############.#
.............#
#########<.Zo..#
#.Z.oZ.o.......#
#o###########..o.
#.# ... #.# # #.#
#@# #.......#
#.####### ###


You could see an orc priest and a quokka skeleton.

Vanquished Creatures
  An adder (D:2)
  A worm (D:2)
  6 orcs
  5 bats
  6 goblins
  5 hobgoblins
  2 jackals (D:2)
  A quokka (D:3)
  A ball python (D:1)
  2 kobolds
  8 rats
38 creatures vanquished.

Notes
Turn   | Place    | Note
-------+----------+-------------------------------------------
     0 | D:1      | Zeld the Octopode Gladiator began the quest for the Orb.
     0 | D:1      | Reached XP level 1. HP: 14/14 MP: 1/1
    84 | D:1      | Reached XP level 2. HP: 11/19 MP: 2/2
   250 | D:2      | Reached skill level 4 in Staves
   253 | D:2      | Reached XP level 3. HP: 15/24 MP: 3/3
   726 | D:2      | Found a blossoming altar of Fedhas.
  1092 | D:4      | Reached XP level 4. HP: 12/29 MP: 4/4
  1095 | D:4      | Killed from afar by an orc priest

Illustrated notes

Levels and vault maps discovered:
D:1:      elethiomel_arrival_diamonds, layout_basic
D:2:      layout_basic, nicolae_overflow_hidden_temple, fedhas_ov_isle_minmay,
          uniq_jessica
D:3:      layout_basic, old_standard_altar, lemuel_crystal_altar,
          saegor_snake_ambush, uniq_purgy
D:4:      layout_basic, old_standard_altar, serial_shops,
          nicolae_shop_overgrown_old_shop

Skill      XL: |  1  2 |
---------------+-------+-----
Staves         | 4 |  4.7
Fighting       | |  2.0
Throwing       | |  2.0
Dodging        | |  3.0

Action                   |  1- 3 |  4- 6 || total
-------------------------+-------+-------++-------
Melee: Quarterstaff      |    66 |       ||    66
       Constrict         |    16 |       ||    16
       Tentacles         |     7 |       ||     7
 Stab: Sleeping          |     5 |       ||     5
Armor: Skin              |     7 |       ||     7
Dodge: Dodged            |    48 |       ||    48
